 Dungeon Crawl Stone Soup version 0.18-a0-1497-g788d838 (webtiles) character file.

34 Ijustatesigmund the Insei (level 3, 0/24 HPs)
             Began as an Octopode Transmuter on Mar 4, 2016.
             Slain by a ball python (1 damage)
             ... transmuted by the player character
             ... on level 2 of the Dungeon.
             The game lasted 00:02:53 (1089 turns).

Ijustatesigmund the Insei (Octopode Transmuter)     Turns: 1089, Time: 00:02:54

Health: 0/24       AC:  1    Str:  9    XL:     3   Next: 31%
Magic:  1/6        EV: 18    Int: 16    God:
Gold:   42         SH:  0    Dex: 17    Spells: 3 memorised, 0 levels left

rFire  + . .     SeeInvis .       - Unarmed
rCold  + . .     Gourm    .     (no shield)
rNeg   . . .     Faith    .     (helmet restricted)
rPois  +         Spirit   .     (no amulet)
rElec  +         Dismiss  .     (no ring)
rCorr  +         Reflect  .     (no ring)
SustAt .         Harm     .     (no ring)
MR     .....                    (no ring)
Stlth  +++.......               (no ring)
                                (no ring)
                                (no ring)
                                (no ring)

@: confused, agile, resistant, not resistant to hostile enchantments, fairly
stealthy
A: almost no armour, amphibious, 8 rings, constrict 8, camouflage 1, gelatinous
body 1
a: no special abilities


You were on level 2 of the Dungeon.
You were hungry.

You visited 1 branch of the dungeon, and saw 2 of its levels.

You collected 42 gold pieces.

Inventory:

Missiles
 a - 9 arrows
Jewellery
 h - an uncursed amulet of harm {unknown}
Scrolls
 e - 2 scrolls of enchant armour {unknown}
 g - a scroll of identify
 i - 3 scrolls of remove curse {unknown}
 j - a scroll of noise {unknown}
 k - a scroll of blinking {unknown}
Books
 b - a book of Changes

   Spells                             Type                      Level
   a - Beastly Appendage              Transmutation                1
   b - Sticks to Snakes               Transmutation                2
   c - Spider Form                    Transmutation/Poison         3
   d - Ice Form                       Ice/Transmutation            4
   e - Blade Hands                    Transmutation                5
Comestibles
 c - a bread ration


   Skills:
 + Level 2.2 Fighting
 - Level 2.0 Dodging
 + Level 3.7 Unarmed Combat
 - Level 2.0 Spellcasting
 - Level 2.0 Transmutations
 + Level 0.0 Poison Magic


You couldn't memorise any spells.
You knew the following spells:

 Your Spells              Type           Power        Failure   Level  Hunger
a - Beastly Appendage     Trmt           #.....       10%         1    #......
b - Sticks to Snakes      Trmt           #.......     14%         2    ###....
c - Spider Form           Trmt/Pois      #.........   38%         3    ###....


Dungeon Overview and Level Annotations

Branches:
Dungeon (2/15)

Altars:

Annotations:
D:2 Sigmund


Innate Abilities, Weirdness & Mutations

You cannot wear most types of armour.
You are amphibious.
You can wear up to eight rings at the same time.
You can use your tentacles to constrict eight enemies at once.
Your skin changes colour to match your surroundings (Stealth).
Your rubbery body absorbs attacks (AC +1).


Message History

* * * LOW HITPOINT WARNING * * *
Your ball python bites Sigmund.
Your ball python constricts Sigmund.
You tentacle-slap Sigmund.
You tentacle-slap Sigmund, but do no damage.
Your squeeze misses Sigmund.
Sigmund is heavily wounded.
Your ball python misses your ball python.
Sigmund points at you and mumbles some strange words.
You are confused.
Your ball python bites Sigmund but does no damage.
Your ball python constricts Sigmund.
You aren't carrying any potions.
Are you sure you want to stumble around while confused and next to your ball python? [Y]es or [N]o only, please.
Are you sure you want to stumble around while confused and next to your ball python?
You closely miss your ball python.
Your ball python bites the ball python.
Your ball python grabs the ball python.
Your ball python constricts the ball python.
The ball python bites you.
You die...

...................#
###...#.............#
#...#.##...........
$.................#
.......#...........
#.................#
#.?...............#
#.......SS........#
#...!..#@S........#
#.......@........##
######....#.$...##
#....####### #....#
#....# .....# ##....#


You could see Sigmund, a ball python and 2 friendly ball pythons.

Vanquished Creatures
  An adder (D:2)
  A dart slug (D:2)
  2 giant geckos (D:1)
  A bat (D:1)
  2 goblins (D:1)
  4 hobgoblins (D:1)
  A giant newt (D:2)
  4 kobolds (D:1)
  6 rats
22 creatures vanquished.

Notes
Turn   | Place    | Note
--------------------------------------------------------------
     0 | D:1      | Ijustatesigmund the Octopode Transmuter began the quest for the Orb.
     0 | D:1      | Reached XP level 1. HP: 13/13 MP: 3/3
   232 | D:1      | Reached XP level 2. HP: 6/18 MP: 5/5
   968 | D:1      | Learned a level 2 spell: Sticks to Snakes
   989 | D:2      | Reached XP level 3. HP: 18/24 MP: 6/6
   994 | D:2      | Learned a level 3 spell: Spider Form
  1071 | D:2      | Noticed Sigmund
  1087 | D:2      | HP: 1/24 [Sigmund/puff of flame (4)]
  1089 | D:2      | Slain by a ball python

Vault maps used:
D:1:      dpeg_arrival_rooms_with_view, minivault_24
D:2:      patterned_corridor, uniq_iyjb, uniq_sigmund

Skill      XL: |  1  2 |
---------------+-------+-----
Fighting       | 2 |  2.2
Dodging        | |  2.0
Unarmed Combat | |  3.7
Spellcasting   | |  2.0
Transmutations | |  2.0

Action                   || total
-------------------------++-------
Melee: Unarmed           ||    54
 Cast: Sticks to Snakes  ||     3
  Use: Scroll            ||     3
       Potion            ||     2
 Stab: Sleeping          ||     6
